 Dungeon Crawl Stone Soup version 0.19.1-1-g22dce08 (webtiles) character file.

82 Macro the Shield-Bearer (level 4, 42/42 HPs)
             Began as a Deep Dwarf Fighter on Jan 19, 2017.
             Was an Initiate of Nemelex Xobeh.
             Got out of the dungeon alive.
             The game lasted 00:09:41 (1645 turns).

Macro the Shield-Bearer (Deep Dwarf Fighter)        Turns: 1645, Time: 00:09:42

Health: 42/42      AC:  8    Str: 20    XL:     4   Next: 21%
Magic:  2/2        EV:  7    Int:  9    God:    Nemelex Xobeh [......]
Gold:   116        SH: 10    Dex: 12    Spells: 0 memorised, 3 levels left

rFire  . . .     SeeInvis .     n - +0 hand axe (curse)
rCold  . . .     Gourm    .     b - +0 scale mail
rNeg   . . .     Faith    .     c - +1 shield
rPois  .         Spirit   .     m - +0 helmet
rElec  .         Reflect  .     (no cloak)
rCorr  .         Harm     .     (no gloves)
MR     .....                    (no boots)
Stlth  ..........               (no amulet)
                                (no ring)
                                (no ring)

@: non-regenerating
A: damage resistance, recharge devices, sense surroundings 1, slow regeneration
3
a: Device Recharging, Renounce Religion


You escaped.
You worshipped Nemelex Xobeh.
Nemelex Xobeh was noncommittal.
You were not hungry.

You visited 1 branch of the dungeon, and saw 2 of its levels.

You collected 116 gold pieces.

Inventory:

Hand Weapons
 a - a +1 war axe
 n - a cursed +0 hand axe (weapon)
Armour
 b - a +0 scale mail (worn)
 c - a +1 shield (worn)
 m - a +0 helmet (worn)
Wands
 e - a wand of heal wounds (9/9)
Scrolls
 h - a scroll of enchant armour
 k - 8 scrolls of identify
 l - 2 scrolls of immolation
Potions
 d - a potion of might
 g - a potion of agility {unknown}
 j - a potion of berserk rage {unknown}
Miscellaneous
 o - a plain deck of destruction
Comestibles
 f - 2 bread rations
 i - a meat ration


   Skills:
 + Level 3.3 Fighting
 + Level 3.4 Axes
 + Level 3.5 Armour
 + Level 0.9 Dodging
 + Level 3.7 Shields


You had 3 spell levels left.
You didn't know any spells.

Dungeon Overview and Level Annotations

Branches:
Dungeon (2/15)

Altars:
Dithmenos
Nemelex Xobeh


Innate Abilities, Weirdness & Mutations

You are resistant to damage.
You can recharge devices by infusing magical energy.
You passively map a small area around you.
You do not regenerate.


Message History

Your wand of heal wounds (3/9) glows for a moment and now has 7 charges.
Evoke which item? (* to show all) (? for menu, Esc to quit)
Okay, then.
Charge which item? (? for menu, Esc to quit)
Your wand of heal wounds (7/9) glows for a moment and now has 9 charges.
(D) Dungeon
Where to? (Enter - D:2, ? - help)
Okay, then.
(D) Dungeon
Where to? (Enter - D:2, ? - help)
What level of the Dungeon? (default 1, ? - help)
There is a stone staircase leading up here.
You climb upwards.
There is a stone staircase leading down here.
There is a stone staircase leading down here.
There is an open gate here.
There is a staircase leading out of the dungeon here.
You can't go down here!
Are you sure you want to leave the Dungeon?
This will make you lose the game!
You have escaped!

≈≈≈≈....♣# ≈≈≈≈....♣#
≈≈≈.....P# ≈≈.......#
≈≈≈≈....P#
≈≈≈.....♣######
≈≈≈......♣P.P.♣
≈≈≈≈..........♣♣♣♣
≈≈≈....P.♣.....♣@♣
≈≈≈≈............P♣
≈≈≈≈≈............♣
≈≈≈≈≈≈...........♣
≈≈≈≈≈≈≈≈≈..≈≈..♣♣♣♣
≈≈≈≈≈≈≈≈≈≈≈≈≈≈≈≈≈≈♣
≈≈≈≈≈≈≈≈≈≈≈≈≈≈≈≈≈≈♣ *
≈≈≈≈≈≈≈≈≈≈≈≈≈≈≈≈≈≈≈≈≈♣
######################


There were no monsters in sight!

Vanquished Creatures
  3 gnolls (D:2)
  2 worms (D:2)
  3 leopard geckos
  A ball python (D:1)
  4 bats
  3 giant cockroaches (D:2)
  5 goblins
  5 hobgoblins
  3 jackals (D:2)
  A quokka (D:2)
  2 frilled lizards
  4 kobolds
  7 rats
43 creatures vanquished.

Notes
Turn   | Place    | Note
-------+----------+-------------------------------------------
     0 | D:1      | Macro the Deep Dwarf Fighter began the quest for the Orb.
     0 | D:1      | Reached XP level 1. HP: 20/20 MP: 1/1
   113 | D:1      | Reached XP level 2. HP: 24/27 MP: 2/2
   766 | D:2      | Found a shadowy altar of Dithmenos.
   817 | D:2      | Reached XP level 3. HP: 25/34 MP: 3/3
   885 | D:2      | Found a sparkling altar of Nemelex Xobeh.
   894 | D:2      | Became a worshipper of Nemelex Xobeh the Trickster
  1292 | D:2      | Reached XP level 4. HP: 30/42 MP: 4/4
  1314 | D:2      | Received a gift from Nemelex Xobeh
  1645 | D:$      | Got out of the dungeon alive.

Skill      XL: |  1  2  3 |
---------------+----------+-----
Fighting       | 3 |  3.3
Axes           | 3 |  3.4
Armour         | |  3.5
Dodging        | |  0.9
Shields        | |  3.7

Action                   |  1- 3 |  4- 6 || total
-------------------------+-------+-------++-------
Melee: War axe           |    29 |       ||    29
       Hand axe          |   113 |     9 ||   122
 Abil: Device Recharging |       |     2 ||     2
Evoke: Wand              |     1 |     1 ||     2
  Use: Scroll            |     4 |       ||     4
       Potion            |     3 |       ||     3
  Eat: Chunk             |     1 |     2 ||     3
Armor: Scale mail        |    57 |     3 ||    60
Dodge: Dodged            |    34 |     5 ||    39
Block: Shield            |    63 |     3 ||    66
